 Dungeon Crawl Stone Soup version 0.30-a0-782-ge64f9170bb (webtiles) character file.

Game seed: 11208241238872727637

7168 sanka the Skirmisher (level 10, 0/88 HPs)
             Began as a Demigod Hunter on Feb 24, 2023.
             Slain by an ice beast (1 damage)
             ... on level 8 of the Dungeon.
             The game lasted 00:17:46 (10611 turns).

sanka the Skirmisher (Demigod Hunter)              Turns: 10611, Time: 00:17:47

Health: 0/88       AC: 11    Str: 12    XL:     10   Next: 56%
Magic:  13/13      EV: 17    Int: 11    God:
Gold:   120        SH:  0    Dex: 29    Spells: 9/9 levels left

rFire   . . .      SeeInvis .    a - +0 shortbow
rCold   . . .      Faith    .    (shield currently unavailable)
rNeg    . . .      Spirit   .    N - +2 swamp dragon scales
rPois   +          Reflect  .    m - +0 helmet
rElec   .          Harm     .    (no cloak)
rCorr   +          Rampage  .    t - +0 pair of gloves
Will    +....                    (no boots)
Stlth   ++                       (no amulet)
HPRegen 0.34/turn                H - ring of poison resistance
MPRegen 0.13/turn                O - ring of resist corrosion

@: no status effects
A: high MP 1, forlorn, divine attributes
a: no special abilities


You were on level 8 of the Dungeon.
You visited 1 branch of the dungeon, and saw 8 of its levels.
You also visited: Ossuary.

You collected 522 gold pieces.
You spent 402 gold pieces at shops.


Innate Abilities, Weirdness & Mutations

You have an increased reservoir of magic. (+10% MP)
You shall have no god before yourself.
Your divine heritage dramatically boosts your attributes as you level up.


   Skills:
 - Level 8.0 Fighting
 + Level 11.5 Ranged Weapons
 - Level 8.0 Dodging
 - Level 0.8 Stealth


You had 9 spell levels left.
You didn't know any spells.
Your spell library contained the following spells:

 Spells                   Type           Power      Damage    Failure   Level
 Magic Dart               Conj           0%         1d3       63%         1
 Summon Small Mammal      Summ           0%         N/A       63%         1
 Call Imp                 Summ           0%         N/A       77%         2
 Call Canine Familiar     Summ           0%         N/A       94%         3
 Mephitic Cloud           Conj/Pois/Air  0%         N/A       94%         3
 Summon Guardian Golem    Hex/Summ       0%         N/A       94%         3

Inventory:

Hand Weapons
 a - a +0 shortbow (weapon)
 P - a +0 sling
Missiles
 D - 2 curare-tipped darts {=f}
Armour
 m - a +0 helmet (worn)
 t - a +0 pair of gloves (worn)
 y - a +2 robe of willpower
 N - +2 swamp dragon scales (worn)
Magical Staves
 C - a staff of death
 J - a staff of air
Jewellery
 j - a ring of magical power
 H - a ring of poison resistance (left hand)
 O - a ring of resist corrosion (right hand)
Wands
 A - a wand of roots (5)
Scrolls
 b - a scroll of immolation {!r}
 d - 4 scrolls of fear
 e - 4 scrolls of teleportation {@r4}
 g - 3 scrolls of enchant weapon {unknown}
 k - a scroll of brand weapon {unknown}
 n - 3 scrolls of poison
 p - 4 scrolls of magic mapping {unknown}
 q - 2 scrolls of vulnerability {!r}
 r - 4 scrolls of enchant armour
 s - 4 scrolls of fog
 u - 2 scrolls of noise {!r}
 x - a scroll of silence {unknown}
 B - 2 scrolls of blinking
 I - 3 scrolls of amnesia {unknown}
 K - a scroll of acquirement {unknown}
 M - 4 scrolls of identify {@r1}
Potions
 c - 4 potions of flight {unknown}
 f - 2 potions of haste {@q3}
 h - a potion of curing {unknown}
 i - 5 potions of lignification {!q}
 l - 2 potions of berserk rage {unknown}
 o - a potion of heal wounds {unknown}
 v - 3 potions of attraction {!q}
 w - a potion of mutation {unknown}
 z - a potion of invisibility
 E - 2 potions of degeneration {unknown}
 F - 2 potions of brilliance {unknown}
 G - a potion of resistance {unknown}
 L - 2 potions of might {unknown}

Dungeon Overview and Level Annotations

Branches:
Dungeon (8/15)             Temple (0/1) D:6         Ossuary (visited)
   Lair: D:8-11

Shops:
D:3 *   D:4 :[

Annotations:
D:4 1 runed translucent door, Crazy Yiuf
D:8 1 runed translucent door

..▒ £~..▒. ▒.▒ .▒... ▒.▒
▒▒▒▒▒▒▒▒▒▒.....▒
▒.▒▒▒▒▒▒[..........▒..▒▒
▒.▒............c▒ ..... ..
▒.▒.▒▒▒▒.▒▒▒▒.▒.▒ ...▒.▒. .
....▒▒ ▒.▒▒▒.▒▒▒.▒†...... .
.....▒ ▒.▒▒.▒▒ ▒▒Yc....~.
....▒.▒▒.▒▒▒.▒▒▒p▒▒......
▒..▒.▒▒▒.▒▒▒..▒.▒▒ ..... ▒.▒.▒▒
▒........▒ ▒... ▒.▒▒▒ ▒▒▒▒▒.▒▒▒▒
.. ▒'▒▒ ▒.▒ ▒▒▒▒ ...▒▒ ▒.▒ ▒.. ▒
....▒▒ ▒▒.▒ ▒.▒▒▒▒ ▒▒ .....▒▒
▒▒..▒ ▒.▒▒.▒▒ ▒▒.
......▒▒▒▒...▒▒▒▒▒▒▒▒▒.▒...▒▒▒▒..


You could see an ice beast and a centaur.


Message History

The killer bee completely misses you. The killer bee stings you.
* * * LOW HITPOINT WARNING * * *
You shoot an arrow. The arrow hits the killer bee!
The killer bee is heavily wounded.
The killer bee misses you. The killer bee misses you.
You shoot an arrow. The arrow hits the killer bee!!
You kill the killer bee!
The centaur shoots an arrow.
The arrow barely misses you.
The centaur shoots an arrow.
The arrow closely misses you.
An ice beast comes into view.
You shoot an arrow. The arrow barely misses the ice beast.
The ice beast hits you but does no damage.
You shoot an arrow.
The arrow hits the ice beast but does no damage.
The ice beast hits you.
* * * LOW HITPOINT WARNING * * *
The ice beast freezes you!
* * * LOW HITPOINT WARNING * * *
You shoot an arrow. The arrow hits the ice beast!
The ice beast is heavily wounded.
The ice beast hits you.
You die...

Action                     |  1- 3 |  4- 6 |  7- 9 | 10-12 || total
---------------------------+-------+-------+-------+-------++-------
  Melee: Unarmed           |       |       |    20 |       ||    20
   Fire: Shortbow          |   127 |   134 |   650 |   188 ||  1099
    Use: Scroll            |       |     2 |     4 |       ||     6
         Potion            |       |       |     3 |       ||     3
   Stab: Invisible         |       |       |     4 |       ||     4
 Armour: Leather armour    |    22 |    10 |       |       ||    32
         Skin              |       |       |    36 |       ||    36
         Robe              |       |       |   145 |     2 ||   147
         Swamp dragon scal |       |       |       |    66 ||    66
  Dodge: Dodged            |    87 |    34 |   329 |   177 ||   627

Levels and vault maps discovered:
D:1:      dpeg_arrival_round_a, layout_loops_ring, serial_co_window_serial,
          co_window_corner_a, co_window_corner_a, co_window_paths_a,
          co_window_paths_a, co_window_corner_a, co_window_corner_a,
          co_window_corner_a, co_window_of_opportunity_a,
          co_window_of_opportunity_a, co_window_of_opportunity_c,
          co_window_broadway_a, co_window_broadway_a, co_window_2corner,
          co_window_corner_ca, chequers_jeans, minmay_quantized
D:2:      layout_loops_ring, hangedman_decor_peaks_small, minmay_hexomino_f4,
          uniq_robin
D:3:      layout_loops_cross, zin_treasury, serial_shops, shop,
          hangedman_decor_growths, grunt_ministairs_10, st_stairs_1,
          kennysheep_generic_room_12
D:4:      layout_loops_ring, serial_shops, shop, nicolae_lakefront_shop, shop,
          hangedman_abyss_or_decor_stagger, uniq_crazy_yiuf_cottage,
          uniq_sigmund, uniq_blork_the_orc, uniq_natasha, uniq_menkaure
D:5:      layout_basic, nicolae_wu_jian_wuxing_cycle, st_stairs_3,
          chequers_serial_rivers_micro_a, minmay_misc_feat_four_crosses,
          solitary_fountain, hangedman_glass_teeth
D:6:      minmay_skewed_foursquare, layout_gridville, temple_pool_b,
          lightli_ossuary_entry_decrepit_ruins
D:7:      layout_cave_pools, makhleb_grotto_becter, serial_undead,
          serial_undead_b, serial_undead_d, serial_undead_c, serial_undead_d,
          serial_undead_e, serial_undead_e, serial_undead_a, serial_undead_f,
          serial_undead_a, serial_undead_e
D:8:      layout_loops_corners, minitemple, hellmonk_lair_entry_icy,
          ebering_ghost_reflecting_pool, uniq_maggie, uniq_gastronok,
          uniq_amaemon

Notes
Turn   | Place    | Note
-------+----------+-------------------------------------------
     0 | D:1      | sanka the Demigod Hunter began the quest for the Orb.
     0 | D:1      | Reached XP level 1. HP: 17/17 MP: 3/3
   189 | D:1      | Reached skill level 2 in Fighting
   531 | D:1      | Reached XP level 2. HP: 25/25 MP: 4/4
  1087 | D:2      | Noticed Robin
  1097 | D:1      | Reached skill level 3 in Fighting
  1175 | D:2      | Reached XP level 3. HP: 17/31 MP: 5/5
  1368 | D:1      | Reached skill level 4 in Ranged Weapons
  1467 | D:2      | Killed Robin
  2045 | D:3      | Reached XP level 4. HP: 16/38 MP: 6/6
  2595 | D:3      | Found Roepoukh's General Store.
  2841 | D:3      | Bought a potion of haste for 100 gold pieces
  2872 | D:4      | Noticed Sigmund
  2882 | D:4      | Killed Sigmund
  2883 | D:4      | Reached skill level 4 in Fighting
  2883 | D:4      | Reached skill level 5 in Ranged Weapons
  2883 | D:4      | Reached XP level 5. HP: 33/47 MP: 7/7
  2883 | D:4      | Reached XP level 6. HP: 37/53 MP: 8/8
  2945 | D:4      | Found Kuis's Armour Boutique.
  3009 | D:4      | Found a runed translucent door.
  3010 | D:4      | Noticed Crazy Yiuf
  3052 | D:4      | Found Naiwoamn's Book Boutique.
  3211 | D:4      | Noticed Menkaure
  3221 | D:4      | Killed Menkaure
  3222 | D:4      | Reached skill level 5 in Fighting
  3320 | D:4      | Noticed Natasha
  3323 | D:4      | Killed Natasha
  3350 | D:4      | Noticed Natasha
  3434 | D:4      | Noticed Blork the orc
  3454 | D:4      | HP: 5/56 [Blork the orc/puff of frost (11)]
  3456 | D:4      | Killed Blork the orc
  3457 | D:4      | Reached skill level 6 in Ranged Weapons
  3782 | D:4      | Found Rigimuec's Magic Scroll Boutique.
  3792 | D:4      | Bought a scroll of blinking for 82 gold pieces
  3792 | D:4      | Bought a scroll of identify for 22 gold pieces
  3792 | D:4      | Bought a scroll of fear for 44 gold pieces
  3832 | D:4      | Killed Natasha
  3833 | D:4      | Reached XP level 7. HP: 61/61 MP: 9/9
  4219 | D:5      | Entered Level 5 of the Dungeon
  4533 | D:5      | Reached skill level 6 in Fighting
  4726 | D:5      | Identified the +1 quarterstaff of Indomitability {heavy,
                  | MP+9 SInv}
  4897 | D:5      | Reached skill level 7 in Ranged Weapons
  5498 | D:5      | Reached XP level 8. HP: 71/71 MP: 10/10
  5820 | D:6      | Reached skill level 7 in Fighting
  5857 | D:6      | Found a staircase to the Ecumenical Temple.
  6011 | D:6      | Found a sand-covered staircase.
  6062 | Ossuary  | Entered an ossuary
  6095 | Ossuary  | Reached skill level 8 in Ranged Weapons
  6393 | Ossuary  | Reached skill level 8 in Fighting
  6595 | Ossuary  | Reached skill level 9 in Ranged Weapons
  6601 | Ossuary  | Reached XP level 9. HP: 44/81 MP: 11/11
  7347 | D:4      | Noticed Natasha
  7351 | D:4      | Killed Natasha
  7363 | D:4      | Bought 2 scrolls of poison for 88 gold pieces
  7363 | D:4      | Bought a scroll of identify for 22 gold pieces
  7363 | D:4      | Bought a scroll of identify for 22 gold pieces
  7363 | D:4      | Bought a scroll of identify for 22 gold pieces
  8066 | D:6      | Reached skill level 10 in Ranged Weapons
  8066 | D:6      | Reached skill level 2 in Dodging
  8226 | D:6      | Reached skill level 3 in Dodging
  8342 | D:7      | Reached skill level 4 in Dodging
  8560 | D:7      | Reached skill level 5 in Dodging
  8693 | D:7      | Reached skill level 6 in Dodging
  9139 | D:7      | Reached XP level 10. HP: 85/85 MP: 13/13
  9149 | D:7      | Reached skill level 7 in Dodging
  9550 | D:8      | Identified +2 swamp dragon scales
  9550 | D:8      | Noticed Maggie
  9566 | D:8      | Killed Maggie
  9837 | D:8      | Reached skill level 8 in Dodging
 10101 | D:8      | Found a runed translucent door.
 10114 | D:8      | Noticed Amaemon
 10291 | D:8      | Killed Amaemon
 10564 | D:8      | Reached skill level 11 in Ranged Weapons
 10610 | D:8      | HP: 1/88 [ice beast (14)]
 10611 | D:8      | Slain by an ice beast

Vanquished Creatures
  Amaemon (D:8)
  Maggie (D:8)
  A rime drake (D:8)
  An orange demon (D:7)
  Sigmund (D:4)
  Menkaure (D:4)
  2 water moccasins
  An orc warrior (D:6)
  A black bear (D:6)
  5 ice beasts
  4 ogres
  3 wolves (D:8)
  A centaur (D:6)
  5 kobold brigands
  Blork the orc (D:4)
  3 bullfrogs
  A gnoll sergeant (D:8)
  10 scorpions (Ossuary)
  18 wights (D:7)
  5 killer bees (D:8)
  2 howler monkeys
  6 centaur zombies
  A crimson imp (D:7)
  A bullfrog zombie (D:7)
  4 hounds
  A jelly (D:4)
  4 human zombies (Ossuary)
  3 orc priests
  A gnoll bouda (D:6)
  5 iguanas
  5 orc wizards
  2 scorpion zombies (Ossuary)
  Natasha (thrice) (D:4)
  2 killer bee zombies (D:7)
  3 mummies (Ossuary)
  3 howler monkey zombies (D:7)
  Robin (D:2)
  13 gnolls
  10 adders
  A white imp (D:8)
  An ufetubus (D:6)
  3 worms
  A dart slug (D:3)
  23 orcs
  4 ball pythons
  6 bats
  7 endoplasms
  2 giant cockroaches (D:2)
  9 hobgoblins
  7 jackals
  8 quokkas
  3 frilled lizards
  7 goblins
  4 goblin zombies (Ossuary)
  2 hobgoblin zombies (Ossuary)
  20 kobolds
  An orc zombie (Ossuary)
  8 rats
253 creatures vanquished.

Vanquished Creatures (others)
  10 withered plants (D:7)
10 creatures vanquished.

Grand Total: 263 creatures vanquished
